 Dungeon Crawl Stone Soup version 0.29.1-15-g9cfb28693d (webtiles) character file.

Game seed: 10435580645564142625

331 Ast3rio the Chopper (level 6, -3/53 HPs)
             Began as a Gnoll Cinder Acolyte on Mar 9, 2023.
             Was a High Priest of Ignis.
             Succumbed to an orc wizard's poison
             ... on level 4 of the Dungeon.
             The game lasted 00:09:42 (4489 turns).

Ast3rio the Chopper (Gnoll Cinder Acolyte)          Turns: 4489, Time: 00:09:43

Health: -3/53      AC:  3    Str: 16    XL:     6   Next: 52%
Magic:  7/11       EV: 11    Int: 15    God:    Ignis [*****.]
Gold:   128        SH:  0    Dex:  7    Spells: 10/12 levels left

rFire   + . .      SeeInvis .   s - +2 spear (vorpal)
rCold   . . .      Faith    .   (no shield)
rNeg    . . .      Spirit   .   j - +1 robe of Icogulla {Will+ Int+2}
rPois   .          Reflect  .   (no helmet)
rElec   .          Harm     .   (no cloak)
rCorr   .          Rampage  .   (no gloves)
Will    +....                   (no boots)
Stlth   ++........              (no amulet)
HPRegen 0.17/turn               (no ring)
MPRegen 0.12/turn               (no ring)

@: lethally poisoned (-3 -> -19)
A: fangs 1, strong nose, distributed training
a: Renounce Religion, Fiery Armour, Foxfire Swarm, Rising Flame


You were on level 4 of the Dungeon.
You worshipped Ignis.
Ignis was extremely pleased with you.
You visited 1 branch of the dungeon, and saw 4 of its levels.
You also visited: Sewer.

You collected 128 gold pieces.

Inventory:

Hand Weapons
 a - a -1 hand axe of flaming
 d - a +2 antimagic scimitar
 s - a +2 vorpal spear (weapon)
Armour
 b - a +0 robe
 j - the +1 robe of Icogulla (worn) {Will+ Int+2}
   (You found it on level 2 of the Dungeon)

   Int:       It affects your intelligence (+2).
   Will:      It increases your willpower.
Jewellery
 h - a +6 ring of dexterity
 x - a ring of poison resistance
Scrolls
 c - 3 scrolls of summoning {unknown}
 f - 4 scrolls of enchant armour {unknown}
 g - 8 scrolls of identify {unknown}
 i - a scroll of silence {unknown}
 k - 4 scrolls of fog {unknown}
 l - 3 scrolls of amnesia {unknown}
 o - 2 scrolls of fear {unknown}
 p - 2 scrolls of poison {unknown}
 q - a scroll of blinking {unknown}
 t - a scroll of enchant weapon {unknown}
 w - a scroll of teleportation {unknown}
Potions
 e - 6 potions of curing {unknown}
 m - 3 potions of brilliance {unknown}
 n - a potion of flight {unknown}
 r - 2 potions of berserk rage {unknown}
 u - a potion of might {unknown}
 v - a potion of magic {unknown}
 z - a potion of haste {unknown}
 A - a potion of degeneration {unknown}


   Skills:
 + Level 6.9 Fighting
 + Level 2.1 Short Blades
 + Level 2.1 Long Blades
 + Level 6.9 Axes
 + Level 2.1 Maces & Flails
 + Level 2.1 Polearms
 + Level 2.1 Staves
 + Level 2.1 Ranged Weapons
 + Level 2.1 Throwing
 + Level 2.1 Armour
 + Level 2.1 Dodging
 + Level 2.1 Stealth
 + Level 2.1 Shields
 + Level 2.1 Unarmed Combat
 + Level 3.5 Spellcasting
 + Level 1.6 Conjurations
 + Level 1.6 Hexes
 + Level 1.6 Summonings
 + Level 1.6 Necromancy
 + Level 1.6 Translocations
 + Level 1.6 Transmutations
 + Level 5.7 Fire Magic
 + Level 1.6 Ice Magic
 + Level 1.6 Air Magic
 + Level 1.6 Earth Magic
 + Level 1.6 Poison Magic
 + Level 2.3 Invocations
 + Level 2.1 Evocations


You had 10 spell levels left.
You knew the following spells:

 Your Spells              Type           Power      Damage    Failure   Level
a - Scorch                Fire           38%        2d7       2%          2

Your spell library contained the following spells:

 Spells                   Type           Power      Damage    Failure   Level
 Fireball                 Conj/Fire      6%         3d5       75%         5
 Iskenderun's Battlesphe  Conj           7%         2d6       95%         5
 Conjure Ball Lightning   Conj/Air       3%         3x3d6     100%        6
 Orb of Destruction       Conj           3%         9d5       100%        7


Dungeon Overview and Level Annotations

Branches:
Dungeon (4/15)              Sewer (visited)
 Temple: D:4-7

Altars:
Kikubaaqudgha
Okawaru


Innate Abilities, Weirdness & Mutations

You have very sharp teeth.
Your uncanny sense of smell can sniff out nearby items.
Your experience applies equally to all skills.


Message History

The puff of flame hits you. You resist.
You hit the hound but do no damage.
The hound is moderately wounded.
The hound barely misses you.
The kobold throws a stone.
The stone hits you.
You hit the hound.
The hound is severely wounded.
The hound bites you but does no damage. The hound bites you.
The orc barely misses you.
You hear some strange, mumbled words.
A magic dart appears from out of thin air!
The magic dart hits you.
Casting: Scorch (safe; 2% risk of failure)
Confirm with . or Enter, or press ? or * to list all spells.
Flames lash the orc.
You kill the orc!
The hound bites you.
* * * LOW HITPOINT WARNING * * *
Something hits you but does no damage.
Casting: Scorch (safe; 2% risk of failure)
Confirm with . or Enter, or press ? or * to list all spells.
Flames lash the hound.
You kill the hound!
Something hits you.
* * * LOW HITPOINT WARNING * * *
You are poisoned.
You miss something.
You feel sick. Something hits you.
* * * LOW HITPOINT WARNING * * *
You are lethally poisoned!
You closely miss something.
* * * LOW HITPOINT WARNING * * *
You feel very sick.
You hear some strange, mumbled words.
Something tries to affect you, but you resist.
The kobold throws a stone.
The stone hits you but does no damage.
You miss something.
* * * LOW HITPOINT WARNING * * *
You feel sick. Something hits you but does no damage.
You are more poisoned.
You closely miss something.
You die...

#.# ####
#..........# #
...........# ##
#h#...!....# .####
#.#........# ...>###
#)#........#
###...####.).......#
###.vv§.....[{K..#
######.^...)@..#
#....>....#
##.....)..#
#.......)#
#.......>#
##########


You could see a kobold.

Vanquished Creatures
  Pargi (Sewer)
  A jelly (D:3)
  2 hounds (D:4)
  Robin (D:4)
  5 adders
  2 worms
  A dart slug (D:1)
  4 orcs (D:4)
  8 ball pythons
  5 bats
  4 endoplasms
  7 giant cockroaches
  13 goblins
  8 hobgoblins
  7 quokkas
  2 frilled lizards
  5 kobolds
  6 rats
82 creatures vanquished.

Vanquished Creatures (others)
  8 foxfires (D:4)
8 creatures vanquished.

Grand Total: 90 creatures vanquished

Notes
Turn   | Place    | Note
-------+----------+-------------------------------------------
     0 | D:1      | Ast3rio the Gnoll Cinder Acolyte began the quest for the
                  | Orb.
     0 | D:1      | Reached XP level 1. HP: 23/23 MP: 4/4
   222 | D:1      | Reached XP level 2. HP: 29/29 MP: 1/5
   461 | D:1      | Found a faded altar of an unknown god.
   998 | D:1      | Learned a level 2 spell: Scorch
  1122 | D:2      | Identified the +1 robe of Icogulla {Will+ Int+2}
  1392 | D:2      | Reached XP level 3. HP: 35/35 MP: 2/7
  1576 | D:2      | Reached skill level 1 in Invocations
  1735 | D:2      | Reached skill level 1 in Short Blades
  1735 | D:2      | Reached skill level 1 in Long Blades
  1735 | D:2      | Reached skill level 1 in Maces & Flails
  1735 | D:2      | Reached skill level 1 in Polearms
  1735 | D:2      | Reached skill level 1 in Staves
  1735 | D:2      | Reached skill level 1 in Ranged Weapons
  1735 | D:2      | Reached skill level 1 in Throwing
  1735 | D:2      | Reached skill level 1 in Armour
  1735 | D:2      | Reached skill level 1 in Dodging
  1735 | D:2      | Reached skill level 1 in Stealth
  1735 | D:2      | Reached skill level 1 in Shields
  1735 | D:2      | Reached skill level 1 in Unarmed Combat
  1735 | D:2      | Reached skill level 1 in Evocations
  2138 | D:2      | Reached XP level 4. HP: 38/41 MP: 1/8
  2405 | D:2      | Reached skill level 1 in Conjurations
  2405 | D:2      | Reached skill level 1 in Hexes
  2405 | D:2      | Reached skill level 1 in Summonings
  2405 | D:2      | Reached skill level 1 in Necromancy
  2405 | D:2      | Reached skill level 1 in Translocations
  2405 | D:2      | Reached skill level 1 in Transmutations
  2405 | D:2      | Reached skill level 1 in Ice Magic
  2405 | D:2      | Reached skill level 1 in Air Magic
  2405 | D:2      | Reached skill level 1 in Earth Magic
  2405 | D:2      | Reached skill level 1 in Poison Magic
  2477 | D:2      | You fall into a shaft and drop 1 floor!
  2480 | D:3      | Found an iron altar of Okawaru.
  2826 | D:3      | Found an ancient bone altar of Kikubaaqudgha.
  2829 | D:3      | Reached XP level 5. HP: 21/47 MP: 9/9
  3100 | D:3      | Found a glowing drain.
  3136 | Sewer    | Entered a sewer
  3174 | Sewer    | Noticed Pargi
  3178 | Sewer    | Killed Pargi
  3179 | Sewer    | Reached XP level 6. HP: 35/53 MP: 3/11
  4080 | D:4      | Noticed Robin
  4102 | D:4      | Killed Robin
  4488 | D:4      | HP: 1/53 [poisoned by an orc wizard]
  4489 | D:4      | Succumbed to an orc wizard's poison

Illustrated notes

Levels and vault maps discovered:
D:1:      mainiacjoe_arrival_reflecting_pool, layout_rooms,
          hellmonk_ecumenical_altar_zigzags
D:2:      layout_loops_ring, uniq_crazy_yiuf_cottage
D:3:      layout_rooms, kiku_gazebo_pond_becter, okawaru_trees_2,
          gup_sewer_entry_pipe
D:4:      layout_rooms, minmay_cut_off, uniq_robin

Skill      XL: |  1  2  3  4  5  6 |
---------------+-------------------+-----
Invocations    | 1 2 |  2.3
Short Blades   | 1 2 |  2.1
Long Blades    | 1 2 |  2.1
Maces & Flails | 1 2 |  2.1
Polearms       | 1 2 |  2.1
Staves         | 1 2 |  2.1
Ranged Weapons | 1 2 |  2.1
Throwing       | 1 2 |  2.1
Armour         | 1 2 |  2.1
Dodging        | 1 2 |  2.1
Stealth        | 1 2 |  2.1
Shields        | 1 2 |  2.1
Unarmed Combat | 1 2 |  2.1
Evocations     | 1 2 |  2.1
Spellcasting   | 3 |  3.5
Conjurations   | 1 |  1.6
Hexes          | 1 |  1.6
Summonings     | 1 |  1.6
Necromancy     | 1 |  1.6
Translocations | 1 |  1.6
Transmutations | 1 |  1.6
Ice Magic      | 1 |  1.6
Air Magic      | 1 |  1.6
Earth Magic    | 1 |  1.6
Poison Magic   | 1 |  1.6
Fighting       | |  6.9
Axes           | |  6.9
Fire Magic     | |  5.7

Action                   |  1- 3 |  4- 6 || total
-------------------------+-------+-------++-------
Melee: Hand axe          |     8 |    23 ||    31
       Scimitar          |    84 |       ||    84
       Bite              |     7 |    10 ||    17
       Spear             |       |   130 ||   130
       Punch             |       |     1 ||     1
 Cast: Scorch            |     6 |    15 ||    21
Invok: Foxfire Swarm     |       |     1 ||     1
 Stab: Sleeping          |       |     2 ||     2
Armor: Robe              |    32 |    56 ||    88
Dodge: Dodged            |    64 |    87 ||   151
